 Dungeon Crawl Stone Soup version 0.29.1-13-g9f3cf754e1 (webtiles) character file.

Game seed: 14808773709566583104

139 zlionsfan the Magician (level 5, 0/30 HPs)
             Began as a Palentonga Hedge Wizard on Jan 26, 2023.
             Was a Follower of Hepliaklqana.
             Killed from afar by an orc priest (16 damage)
             ... with a bolt of acid
             ... on level 3 of the Dungeon.
             The game lasted 00:09:18 (3156 turns).

zlionsfan the Magician (Palentonga Hedge Wizard)    Turns: 3156, Time: 00:09:19

Health: 0/30       AC:  4    Str: 15    XL:     5   Next: 1%
Magic:  10/11      EV:  9    Int: 17    God:    Hepliaklqana [*.....]
Gold:   88         SH:  5    Dex:  9    Spells: 5/12 levels left

rFire   . . .      SeeInvis +   j - +0 dagger (venom)
rCold   . . .      Faith    .   g - orb {*channel}
rNeg    . . .      Spirit   .   b - +0 robe
rPois   .          Reflect  +   c - +0 hat
rElec   .          Harm     .   (no cloak)
rCorr   .          Rampage  .   (no gloves)
Will    .....                   (no barding)
Stlth   +.........              l - amulet of reflection
HPRegen 0.10/turn               (no ring)
MPRegen 0.12/turn               (no ring)

@: no status effects
A: reduced essence, large, rugged brown scales 3, see invisible, deformed body,
roll 1, armoured tail, stinger 1, frail 1, wild magic 1
a: Rolling Charge, Renounce Religion, Recall Ancestor, Ancestor Identity


You were on level 3 of the Dungeon.
You worshipped Hepliaklqana.
Hepliaklqana was aware of your devotion.
You visited 1 branch of the dungeon, and saw 3 of its levels.

You collected 88 gold pieces.

Inventory:

Hand Weapons
 a - a +0 mace
 j - a +0 dagger of venom (weapon)
Armour
 b - a +0 robe (worn)
 c - a +0 hat (worn)
 g - an orb of energy (worn)
Jewellery
 l - an amulet of reflection (around neck)
Scrolls
 f - a scroll of butterflies {unknown}
 i - 2 scrolls of enchant armour {unknown}
 k - a scroll of silence {unknown}
 m - 3 scrolls of blinking {unknown}
 n - a scroll of identify {unknown}
Potions
 d - a potion of magic
 e - 2 potions of flight
 h - a potion of mutation


   Skills:
 + Level 0.2 Fighting
 + Level 1.2 Short Blades
 * Level 1.2 Maces & Flails
 + Level 1.6 Dodging
 + Level 1.4 Stealth
 + Level 0.1 Shields
 * Level 4.1 Spellcasting
 * Level 2.0 Conjurations
 + Level 0.8 Summonings
 + Level 1.0 Translocations
 * Level 0.6 Evocations


You had 5 spell levels left.
You knew the following spells:

 Your Spells              Type           Power      Damage    Failure   Level
a - Magic Dart            Conj           52%        1d5       11%         1
b - Slow                  Hex            16%        N/A       22%         1
c - Blink                 Tloc           18%        N/A       22%         2
d - Call Imp              Summ           8%         N/A       24%         2
e - Beastly Appendage     Tmut           8%         N/A       22%         1

Your spell library contained the following spells:

 Spells                   Type           Power      Damage    Failure   Level
 Wereblood                Tmut           4%         N/A       32%         2
 Conjure Flame            Conj/Fire      9%         6-21      38%         3
 Mephitic Cloud           Conj/Pois/Air  7%         N/A       43%         3
 Spider Form              Tmut/Pois      4%         N/A       52%         3


Dungeon Overview and Level Annotations

Branches:
Dungeon (3/15)

Altars:
Hepliaklqana


Innate Abilities, Weirdness & Mutations

Your life essence is reduced to manifest your ancestor. (-10% HP)
You are completely covered in rugged brown scales. (AC +3, +7% HP)
You have supernaturally acute eyesight. (SInv)
Armour fits poorly on your strangely shaped body.
You can roll at nearby foes to attack.
You have a long armoured tail.
Your tail ends in a venomous barb.
You are frail. (-10% HP)
Your spells are a little harder to cast, but a little more powerful.


Message History

Laslo hits the hobgoblin.
You catch the helpless hobgoblin completely off-guard!
You hit the hobgoblin.
You kill the hobgoblin!
A frilled lizard comes into view.
Laslo completely misses the orc.
The orc closely misses you.
Laslo hits the orc.
You closely miss the orc.
Your tail-slap misses the orc.
The orc is heavily wounded.
The orc barely misses you.
You barely miss the orc.
The orc is heavily wounded.
Laslo hits the orc.
The orc dies!
The frilled lizard bites you but does no damage.
You hit the frilled lizard but do no damage.
The frilled lizard is poisoned.
Laslo hits the frilled lizard.
The frilled lizard dies!
You have reached level 5!
You see here a frilled lizard corpse.
The orc hits you with a +0 club. The orc barely misses you.
Laslo hits the orc.
You hit the orc.
The orc is poisoned.
The orc is heavily wounded.
The orc closely misses you. The orc hits you with a +0 flail.
Laslo closely misses the orc.
You hit the orc.
The orc looks as sick as possible!
You tail-slap the orc.
You kill the orc!
The orc barely misses you.
The orc priest invokes the aid of Beogh against you.
Beogh smites you!
You closely miss the orc. The orc hits you but does no damage.
Laslo hits the orc.
You hit the orc.
The orc is heavily wounded.
The orc closely misses you.
The orc priest zaps a wand.
The bolt of acid hits the orc!
The orc dies!
The bolt of acid hits you!
Ouch! That really hurt!
You die...

#. .# #.###.#
....>.#
#.##..#
#.##..#
#.##..###
#.##....#
#####.†...#
#....@)..<#
###.)R###†#
#...#.# #.#
...o.....
..#.#####
.........
...o..o.#
#..####.#####
#R# #.# #..
#)# #. ###
#.# #.#


You could see the friendly Laslo the ancestor and an orc priest.

Vanquished Creatures
  A scorpion (D:3)
  A gnoll (D:1)
  An adder (D:2)
  2 orcs (D:3)
  2 ball pythons (D:1)
  2 bats
  2 endoplasms (D:1)
  A giant cockroach (D:1)
  A goblin (D:1)
  5 hobgoblins
  4 jackals (D:1)
  4 frilled lizards
  4 kobolds
  3 rats
33 creatures vanquished.

Vanquished Creatures (collateral kills)
  2 adders (D:2)
  An orc (D:3)
  A giant cockroach (D:2)
  A hobgoblin (D:1)
  A kobold (D:2)
  A frilled lizard (D:3)
7 creatures vanquished.

Vanquished Creatures (others)
  An orc (D:3)
  A fungus (D:1)
  A plant (D:1)
3 creatures vanquished.

Grand Total: 43 creatures vanquished

Notes
Turn   | Place    | Note
-------+----------+-------------------------------------------
     0 | D:1      | zlionsfan the Palentonga Hedge Wizard began the quest for
                  | the Orb.
     0 | D:1      | Reached XP level 1. HP: 13/13 MP: 4/4
   202 | D:1      | Reached XP level 2. HP: 13/20 MP: 0/6
   305 | D:1      | Learned a level 1 spell: Slow
   308 | D:1      | Learned a level 2 spell: Blink
   311 | D:1      | Learned a level 2 spell: Call Imp
   330 | D:1      | Reached skill level 1 in Conjurations
   883 | D:1      | Reached XP level 3. HP: 20/25 MP: 0/8
  1754 | D:1      | Found a faded altar of an unknown god.
  1757 | D:1      | Prayed at the altar of an unknown god.
  1757 | D:1      | Became a worshipper of Hepliaklqana the Forgotten
  1757 | D:1      | Reached * piety under Hepliaklqana
  1866 | D:2      | Learned a level 1 spell: Beastly Appendage
  1996 | D:2      | Reached skill level 1 in Short Blades
  2342 | D:2      | Reached XP level 4. HP: 25/29 MP: 5/9
  2817 | D:3      | Noticed a scorpion
  2826 | D:3      | Killed a scorpion
  2827 | D:3      | Reached skill level 1 in Maces & Flails
  2827 | D:3      | Reached skill level 4 in Spellcasting
  2834 | D:3      | Gained mutation: Your tail ends in a venomous barb. [potion
                  | of mutation]
  2834 | D:3      | Gained mutation: You are frail. (-10% HP) [potion of
                  | mutation]
  2834 | D:3      | Gained mutation: Your spells are a little harder to cast,
                  | but a little more powerful. [potion of mutation]
  3151 | D:3      | Reached XP level 5. HP: 30/30 MP: 9/11
  3156 | D:3      | Killed from afar by an orc priest

Illustrated notes

Levels and vault maps discovered:
D:1:      dpeg_arrival_lava_altar, layout_loops_ring,
          shapermc_ecumenical_altar_mp_urbaneastern, hex_medium,
          nicolae_concentric_dashed_squares_wild
D:2:      layout_loops_ring, minmay_strange_pillars, hangedman_decor_points
D:3:      layout_basic, portal_sewer_entry_b, minmay_misc_feat_enclosed,
          st_stairs_5, minmay_rat_hole, uniq_grinder

Skill      XL: |  1  2  3  4 |
---------------+-------------+-----
Conjurations   | 1 2 |  2.0
Short Blades   | 1 |  1.2
Maces & Flails | 1 |  1.2
Spellcasting   | 4 |  4.1
Fighting       | |  0.2
Dodging        | |  1.6
Stealth        | |  1.4
Shields        | |  0.1
Summonings     | |  0.8
Translocations | |  1.0
Evocations     | |  0.6

Action                   |  1- 3 |  4- 6 || total
-------------------------+-------+-------++-------
Melee: Dagger            |    34 |    23 ||    57
       Tailslap          |     1 |     3 ||     4
       Mace              |     6 |       ||     6
 Cast: Magic Dart        |    68 |     4 ||    72
       Slow              |     1 |     1 ||     2
       Call Imp          |     1 |     1 ||     2
Invok: Recall Ancestor   |       |     2 ||     2
 Abil: Rolling Charge    |     3 |       ||     3
  Use: Potion            |     1 |     2 ||     3
 Stab: Sleeping          |     2 |     3 ||     5
       Distracted        |       |     1 ||     1
Armor: Robe              |    21 |     4 ||    25
Dodge: Dodged            |    22 |    10 ||    32
Block: Orb               |       |     6 ||     6
